 Dungeon Crawl Stone Soup version 0.24.0-125-gc4c63601f3 (webtiles) character file.

Game seed: 3199380716122200418, levelgen mode: deterministic

242 Peloso the Covered (level 5, -1/47 HPs)
             Began as a Minotaur Fighter on Mar 21, 2020.
             Slain by a slave (4 damage)
             ... led by Pikel
             ... on level 5 of the Dungeon.
             The game lasted 00:04:36 (2317 turns).

Peloso the Covered (Minotaur Fighter)               Turns: 2317, Time: 00:04:38

Health: -1/47      AC:  4    Str: 21    XL:     5   Next: 81%
Magic:  4/4        EV:  4    Int:  5    God:
Gold:   180        SH:  9    Dex: 10    Spells: 4/4 levels left

rFire    . . .     SeeInvis .   a - +1 long sword
rCold    . . .     Gourm    .   c - +0 shield
rNeg     . . .     Faith    .   o - +0 plate armour (curse)
rPois    .         Spirit   .   (helmet unavailable)
rElec    .         Reflect  .   (no cloak)
rCorr    .         Harm     .   (no gloves)
MR       .....                  (no boots)
Stlth    ..........             (no amulet)
HPRegen  0.15/turn              (no ring)
MPRegen  0.09/turn              (no ring)

@: corroded
A: retaliatory headbutt, horns 3, mutation resistance 1, screaming 1
a: no special abilities


You were on level 5 of the Dungeon.
You were not hungry.

You visited 1 branch of the dungeon, and saw 5 of its levels.

You collected 180 gold pieces.

Inventory:

Hand Weapons
 a - a +1 long sword (weapon)
Armour
 b - a +0 scale mail
 c - a +0 shield (worn)
 o - a cursed +0 plate armour (worn)
Wands
 h - a wand of acid (9)
 j - a wand of random effects (19)
 k - a wand of paralysis (8)
 q - a wand of flame (19)
Scrolls
 i - 2 scrolls of fear
Potions
 d - a potion of might
 e - 4 potions of heal wounds
 p - a potion of agility
 r - a potion of invisibility
Miscellaneous
 g - a lamp of fire
Comestibles
 f - 8 rations


   Skills:
 + Level 4.9 Fighting
 + Level 4.4 Long Blades
 + Level 5.2 Armour
 + Level 0.4 Dodging
 + Level 0.2 Stealth
 + Level 4.7 Shields


You had 4 spell levels left.
You didn't know any spells.
Your spell library was empty.

Dungeon Overview and Level Annotations

Branches:
Dungeon (5/15)
 Temple: D:4-7

Altars:

Annotations:
D:4 1 transporter
D:5 Pikel


Innate Abilities, Weirdness & Mutations

You reflexively headbutt those who attack you in melee.
You have a pair of large horns on your head.
You are somewhat resistant to further mutation.
You occasionally shout uncontrollably at your foes.


Message History

You kill the jelly!
The slave hits you but does no damage. You block the slave's attack.
The slave hits you.
Pikel hits you with a +2 whip of freezing.
Pikel freezes you. You block the slave's attack. x2
Your shield and plate armour prevent you from hitting the slave.
The slave hits you but does no damage. The slave hits you.
* * * LOW HITPOINT WARNING * * *
You block Pikel's attack. The slave hits you but does no damage.
The slave hits you.
* * * LOW HITPOINT WARNING * * *
You block the slave's attack. The slave hits you but does no damage.
You hit Pikel.
Pikel is lightly wounded.
Pikel hits you with a +2 whip of freezing!
* * * LOW HITPOINT WARNING * * *
Pikel freezes you.
* * * LOW HITPOINT WARNING * * *
The slave hits you.
You die...

#.# #.# #.#
#.# #.# #.#
#.#####
###..pp.#
#....@K.#
#....pp......
#..........##
#..........#
#.........$#
#..........#
#..........#
#..........#


You could see Pikel and 4 slaves.

Vanquished Creatures
  2 hounds (D:4)
  A jelly (D:5)
  A centaur skeleton (D:2)
  2 hound skeletons (D:4)
  2 adders (D:2)
  An adder zombie (D:2)
  An adder skeleton (D:4)
  3 worms (D:2)
  A dart slug (D:1)
  A leopard gecko (D:2)
  2 orcs
  6 giant cockroaches
  13 hobgoblins
  A jackal (D:3)
  4 kobolds
  A quokka (D:4)
  A ball python (D:4)
  4 bats
  7 frilled lizards
  7 goblins
  6 rats
67 creatures vanquished.

Notes
Turn   | Place    | Note
-------+----------+-------------------------------------------
     0 | D:1      | Peloso the Minotaur Fighter began the quest for the Orb.
     0 | D:1      | Reached XP level 1. HP: 19/19 MP: 0/0
    45 | D:1      | You fall into a shaft and drop 1 floor!
    51 | D:2      | Reached XP level 2. HP: 22/27 MP: 1/1
   147 | D:2      | Reached skill level 4 in Armour
   211 | D:2      | Reached XP level 3. HP: 12/33 MP: 2/2
   340 | D:2      | Reached XP level 4. HP: 13/40 MP: 3/3
  2016 | D:3      | Gained mutation: You occasionally shout uncontrollably at
                  | your foes. [potion of mutation]
  2016 | D:3      | Gained mutation: You are somewhat resistant to further
                  | mutation. [potion of mutation]
  2016 | D:3      | Gained mutation: You have a pair of large horns on your
                  | head. [potion of mutation]
  2038 | D:3      | You fall into a shaft and drop 1 floor!
  2070 | D:4      | Reached XP level 5. HP: 44/47 MP: 4/4
  2121 | D:4      | Found a transporter.
  2278 | D:4      | Reached skill level 5 in Armour
  2300 | D:5      | Entered Level 5 of the Dungeon
  2309 | D:5      | Noticed a slave
  2310 | D:5      | Noticed Pikel
  2310 | D:5      | Noticed a slave
  2310 | D:5      | Noticed a slave
  2310 | D:5      | Noticed a slave
  2317 | D:5      | Slain by a slave

Levels and vault maps discovered:
D:1:      mrwooster_arrival_arrow, layout_basic
D:2:      layout_loops_ring, serial_bayou_pond_e
D:3:      layout_rooms, minmay_randomly_rotated_circles
D:4:      gammafunk_cloud_chamber, layout_cave_pods, temple_hall,
          grunt_ministairs_9, grunt_decor_arrowhead, minmay_checkerbox
D:5:      layout_basic, first_ration, gup_sewer_entry_glass, uniq_pikel

Skill      XL: |  1  2  3  4  5 |
---------------+----------------+-----
Shields        | 4 |  4.7
Armour         | 4 5 |  5.2
Fighting       | 4 |  4.9
Long Blades    | 3 4 |  4.4
Dodging        | |  0.4
Stealth        | |  0.2

Action                   |  1- 3 |  4- 6 || total
-------------------------+-------+-------++-------
Melee: Long sword        |    56 |   129 ||   185
       Headbutt          |     7 |    24 ||    31
  Use: Potion            |       |     5 ||     5
       Scroll            |       |     7 ||     7
  Eat: Chunk             |       |     5 ||     5
Armor: Scale mail        |    22 |    16 ||    38
       Plate armour      |       |    58 ||    58
Dodge: Dodged            |    18 |    27 ||    45
Block: Shield            |    20 |    81 ||   101
       Rpst.: Long sword |     6 |    11 ||    17
